SA
COLUMBIA RIVER RATS @ ALAMEDA AIRMEN
09/04/2023
 
TOP OF THE 1ST
Columbia River Rats batting - Pitching for Alameda Airmen : RHP Mariano Martínez
Pitching: RHP Mariano Martínez
Batting: RHB Baldomero Avino 0-0: Ball
1-0: Swinging Strike
1-1: Foul Ball, location: 2F
1-2: Ground out 6-3 (Groundball, 6)
Batting: LHB Víctor Robledo 0-0: Foul Ball, location: 2F
0-1: Ball
1-1: Fly out, F8 (Flyball, 89XD)
Batting: RHB Lorenzo Rosas 0-0: Fly out, F6 (Popup, 6M)
Top of the 1st over - 0 run(s), 0 hit(s), 0 error(s), 0 left on base; Columbia 0 - Alameda 0
BOTTOM OF THE 1ST
Alameda Airmen batting - Pitching for Columbia River Rats : RHP Robinson Suárez
Pitching: RHP Robinson Suárez
Batting: RHB Mariano Sánchez 0-0: Called Strike
0-1: Ball
1-1: Ball
2-1: Foul Ball, location: 2F
2-2: Ball
3-2: Ground out 2-3 (Groundball, 2R)
Batting: RHB Juan García 0-0: Swinging Strike
0-1: Ball
1-1: Ball
2-1: Ball
3-1: Base on Balls
Batting: LHB Chad Graves 0-0: Ball
1-0: Ball
2-0: Ball
3-0: Called Strike
3-1: Grounds out, U3 (Groundball, 3L)
Batting: RHB Chad Shafer 0-0: Ball
1-0: Ball
2-0: Ball
3-0: Called Strike
3-1: Called Strike
3-2: Foul Ball, location: 2F
3-2: SINGLE (Groundball, 6MD)
Juan García to third
Juan García scores
Batting: SHB Orlando Villa 0-0: Swinging Strike
0-1: Ball
1-1: DOUBLE (Line Drive, 7LM)
Chad Shafer to third
Runner from 3rd tries for Home, SAFE, no throw or cutoff
Batting: SHB Luis Luquín 0-0: Swinging Strike
0-1: Ground out U3 (Groundball, 3)
Bottom of the 1st over - 2 run(s), 2 hit(s), 0 error(s), 1 left on base; Columbia 0 - Alameda 2
TOP OF THE 2ND
Columbia River Rats batting - Pitching for Alameda Airmen : RHP Mariano Martínez
Batting: LHB António Ramos 0-0: Ball
1-0: Swinging Strike
1-1: DOUBLE (Flyball, 7LS)
Batting: RHB Miguel Delgado 0-0: Called Strike
0-1: Foul Ball, location: 2F
0-2: SINGLE (Line Drive, 6MD)
António Ramos to third
Runner from 3rd tries for Home, SAFE, throw made home
Miguel Delgado to second
Batting: LHB Luis Vicenteno 0-0: Ball
1-0: Foul Ball, location: 2F
1-1: Fly out, F6 (Popup, 78S)
Batting: RHB Miguel Montoya 0-0: Foul Ball, location: 2F
0-1: Called Strike
0-2: Foul Ball, location: 2F
0-2: Foul Ball, location: 2F
0-2: Ball
1-2: Ball
2-2: Strikes out swinging
Batting: RHB Juan Jose Ayala 0-0: Ball
1-0: Ground out 5-3 (Groundball, 5L)
Top of the 2nd over - 1 run(s), 2 hit(s), 0 error(s), 1 left on base; Columbia 1 - Alameda 2
BOTTOM OF THE 2ND
Alameda Airmen batting - Pitching for Columbia River Rats : RHP Robinson Suárez
Batting: RHB José Morín 0-0: Swinging Strike
0-1: Ball
1-1: Foul Ball, location: 2F
1-2: Foul Ball, location: 2F
1-2: Foul Ball, location: 2F
1-2: Ball
2-2: Ball
3-2: Strikes out looking
Batting: RHB Lenny Roper 0-0: Called Strike
0-1: Ball
1-1: Called Strike
1-2: Foul Ball, location: 2F
1-2: Strikes out swinging
Batting: RHB Dale Quick 0-0: Ball
1-0: Ball
2-0: Ball
3-0: Called Strike
3-1: Ground out 5-3 (Groundball, 56)
Bottom of the 2nd over - 0 run(s), 0 hit(s), 0 error(s), 0 left on base; Columbia 1 - Alameda 2
TOP OF THE 3RD
Columbia River Rats batting - Pitching for Alameda Airmen : RHP Mariano Martínez
Batting: LHB Juan Montés 0-0: Ball
1-0: Fly out, F5 (Popup, 56)
Batting: RHB Baldomero Avino 0-0: Called Strike
0-1: Swinging Strike
0-2: Ball
1-2: Ball
2-2: Foul Ball, location: 2F
2-2: Foul Ball, location: 2F
2-2: Strikes out looking
Batting: LHB Víctor Robledo 0-0: Called Strike
0-1: Ground out 3-1 (Groundball, 34)
Top of the 3rd over - 0 run(s), 0 hit(s), 0 error(s), 0 left on base; Columbia 1 - Alameda 2
BOTTOM OF THE 3RD
Alameda Airmen batting - Pitching for Columbia River Rats : RHP Robinson Suárez
Batting: RHB Mariano Sánchez 0-0: Called Strike
0-1: Ball
1-1: Foul Ball, location: 2F
1-2: Fly out, F4 (Popup, 4D)
Batting: RHB Juan García 0-0: Ball
1-0: Ground out 5-3 (Groundball, 6)
Batting: LHB Chad Graves 0-0: Ball
1-0: Swinging Strike
1-1: Foul Ball, location: 2F
1-2: Ground out 4-3 (Groundball, 4)
Bottom of the 3rd over - 0 run(s), 0 hit(s), 0 error(s), 0 left on base; Columbia 1 - Alameda 2
TOP OF THE 4TH
Columbia River Rats batting - Pitching for Alameda Airmen : RHP Mariano Martínez
Batting: RHB Lorenzo Rosas 0-0: Ball
1-0: Ball
2-0: Ball
3-0: Called Strike
3-1: Called Strike
3-2: Foul Ball, location: 2F
3-2: Base on Balls
Batting: LHB António Ramos 0-0: Foul Ball, location: 2F
0-1: Ball
1-1: SINGLE (Flyball, 78S)
Lorenzo Rosas to second
Batting: RHB Miguel Delgado 0-0: Ball
1-0: Ball
2-0: Fly out, F9 (Flyball, 89M)
Batting: LHB Luis Vicenteno 0-0: Ground out 4-3 (Groundball, 4M)
Lorenzo Rosas to third
António Ramos to second
Batting: RHB Miguel Montoya 0-0: Ball
1-0: Called Strike
1-1: Swinging Strike
1-2: Strikes out swinging
Top of the 4th over - 0 run(s), 1 hit(s), 0 error(s), 2 left on base; Columbia 1 - Alameda 2
BOTTOM OF THE 4TH
Alameda Airmen batting - Pitching for Columbia River Rats : RHP Robinson Suárez
Batting: RHB Chad Shafer 0-0: Called Strike
0-1: Ball
1-1: Ground out 1-3 (Groundball, 15S)
Batting: SHB Orlando Villa 0-0: Ground out 4-3 (Groundball, 4)
Batting: SHB Luis Luquín 0-0: Called Strike
0-1: Swinging Strike
0-2: Ball
1-2: Ball
2-2: Strikes out swinging
Bottom of the 4th over - 0 run(s), 0 hit(s), 0 error(s), 0 left on base; Columbia 1 - Alameda 2
TOP OF THE 5TH
Columbia River Rats batting - Pitching for Alameda Airmen : RHP Mariano Martínez
Batting: RHB Juan Jose Ayala 0-0: Fly out, F9 (Flyball, 9D)
Batting: LHB Juan Montés 0-0: Ball
1-0: Foul Ball, location: 2F
1-1: Ground out 3-1 (Groundball, 3)
Batting: RHB Baldomero Avino 0-0: Called Strike
0-1: Ball
1-1: Swinging Strike
1-2: Strikes out swinging
Top of the 5th over - 0 run(s), 0 hit(s), 0 error(s), 0 left on base; Columbia 1 - Alameda 2
BOTTOM OF THE 5TH
Alameda Airmen batting - Pitching for Columbia River Rats : RHP Robinson Suárez
Batting: RHB José Morín 0-0: SINGLE (Line Drive, 56)
Batting: RHB Lenny Roper 0-0: Bunt missed!
0-1: Ball
1-1: Called Strike
1-2: Ball
2-2: Strikes out swinging
Batting: RHB Dale Quick 0-0: Called Strike
José Morín steals 2nd base
0-1: Ball
1-1: Ball
2-1: Foul Ball, location: 2F
2-2: Ball
3-2: Foul Ball, location: 2F
3-2: SINGLE (Groundball, 6S)
José Morín to third
Runner from 3rd tries for Home, SAFE, no throw or cutoff
Batting: RHB Mariano Sánchez 0-0: Ball
1-0: Ball
2-0: Ball
Pickoff Throw to First - Out!
3-0: Base on Balls
Batting: RHB Juan García 0-0: Ball
1-0: Ball
2-0: Ball
3-0: Base on Balls
Mariano Sánchez to second
Batting: LHB Chad Graves 0-0: Called Strike
0-1: Fly out, F6 (Popup, 5DF)
Bottom of the 5th over - 1 run(s), 2 hit(s), 0 error(s), 2 left on base; Columbia 1 - Alameda 3
TOP OF THE 6TH
Columbia River Rats batting - Pitching for Alameda Airmen : RHP Mariano Martínez
Batting: LHB Víctor Robledo 0-0: Ball
1-0: Called Strike
1-1: Swinging Strike
1-2: Ball
2-2: Strikes out swinging
Batting: RHB Lorenzo Rosas 0-0: Ball
1-0: Ball
2-0: SINGLE (Groundball, 34)
Batting: LHB António Ramos 0-0: Called Strike
0-1: Ball
1-1: Called Strike
1-2: Strikes out swinging
Batting: RHB Miguel Delgado 0-0: Ball
1-0: Ball
2-0: Called Strike
2-1: SINGLE (Groundball, 6MD)
Lorenzo Rosas to second
Runner from 2nd tries for 3rd, SAFE, no throw or cutoff
Batting: LHB Luis Vicenteno 0-0: Called Strike
0-1: Swinging Strike
0-2: Ball
1-2: Strikes out looking
Top of the 6th over - 0 run(s), 2 hit(s), 0 error(s), 2 left on base; Columbia 1 - Alameda 3
BOTTOM OF THE 6TH
Alameda Airmen batting - Pitching for Columbia River Rats : RHP Robinson Suárez
Batting: RHB Chad Shafer 0-0: Ball
1-0: Ball
2-0: Ball
3-0: Called Strike
3-1: Base on Balls
Batting: SHB Orlando Villa 0-0: Ball
1-0: Ball
2-0: Ball
3-0: Called Strike
3-1: Grounds into double play, 4-6-3 (Groundball, 34)
Batting: SHB Luis Luquín 0-0: Ball
1-0: Ground out 6-3 (Groundball, 6)
Bottom of the 6th over - 0 run(s), 0 hit(s), 0 error(s), 0 left on base; Columbia 1 - Alameda 3
TOP OF THE 7TH
Columbia River Rats batting - Pitching for Alameda Airmen : RHP Mariano Martínez
Batting: RHB Miguel Montoya 0-0: Called Strike
0-1: Ball
1-1: Foul Ball, location: 2F
1-2: Strikes out swinging
Pitching: LHP Cristo Perales
Batting: RHB Juan Jose Ayala 0-0: TRIPLE (Line Drive, 9LS)
Batting: LHB Juan Montés 0-0: Ball
1-0: Fly out, F8 (Flyball, 8RXD)
Runner from 3rd tags up, SCORES, no throw
Batting: RHB Baldomero Avino 0-0: Ball
1-0: Ball
2-0: SINGLE (Groundball, 6M)
Batting: LHB Víctor Robledo 0-0: Called Strike
0-1: Swinging Strike
0-2: Strikes out swinging
Top of the 7th over - 1 run(s), 2 hit(s), 0 error(s), 1 left on base; Columbia 2 - Alameda 3
BOTTOM OF THE 7TH
Alameda Airmen batting - Pitching for Columbia River Rats : RHP Robinson Suárez
Batting: RHB José Morín 0-0: Ball
1-0: Called Strike
1-1: Foul Ball, location: 2F
1-2: SINGLE (Line Drive, 34)
Batting: RHB Lenny Roper 0-0: Called Strike
0-1: Sac Bunt - play at first, batter OUT! 1-3
José Morín to second
Batting: RHB Dale Quick 0-0: Ball
1-0: Ball
2-0: Fly out, F8 (Flyball, 8RM)
Batting: RHB Mariano Sánchez 0-0: Ground out 5-3 (Groundball, 5)
Bottom of the 7th over - 0 run(s), 1 hit(s), 0 error(s), 1 left on base; Columbia 2 - Alameda 3
TOP OF THE 8TH
Columbia River Rats batting - Pitching for Alameda Airmen : LHP Cristo Perales
Pitching: LHP Jim Unknown
Batting: RHB Lorenzo Rosas 0-0: Called Strike
0-1: Ball
1-1: Ball
2-1: Swinging Strike
2-2: Strikes out swinging
Batting: LHB António Ramos 0-0: Foul Ball, location: 2F
0-1: Foul Ball, location: 2F
0-2: Foul Ball, location: 2F
0-2: Ball
1-2: DOUBLE (Line Drive, 9LS)
Pinch Hitting: RHB Ron Spence 0-0: Ball
1-0: Called Strike
1-1: Called Strike
1-2: Ball
2-2: Ball
Wild Pitch!
António Ramos to third
3-2: SINGLE (Groundball, 6M)
António Ramos scores
Pinch Runner at 1st Héctor Gallegos:
Pinch Hitting: RHB Bob Miller 0-0: Ball
1-0: Ball
2-0: Called Strike
2-1: Ball
3-1: Base on Balls
Héctor Gallegos to second
Batting: RHB Miguel Montoya 0-0: Called Strike
0-1: Grounds into double play, 6-4-3 (Groundball, 6M)
Top of the 8th over - 1 run(s), 2 hit(s), 0 error(s), 1 left on base; Columbia 3 - Alameda 3
BOTTOM OF THE 8TH
Alameda Airmen batting - Pitching for Columbia River Rats : RHP Robinson Suárez
Now at SS: Héctor Gallegos
Now in LF: Edward Woodstock
Batting: RHB Juan García 0-0: Ball
1-0: SINGLE (Groundball, 6M)
Batting: LHB Chad Graves 0-0: Fielders Choice at 2nd, 4-6 (Groundball, 4)
Batting: RHB Chad Shafer 0-0: Swinging Strike
0-1: Ball
1-1: Ball
2-1: Swinging Strike
2-2: Strikes out swinging
Pitching: RHP Ipe Talboom
Batting: SHB Orlando Villa 0-0: Called Strike
0-1: Ball
1-1: Foul Ball, location: 2F
1-2: Strikes out swinging
Bottom of the 8th over - 0 run(s), 1 hit(s), 0 error(s), 1 left on base; Columbia 3 - Alameda 3
TOP OF THE 9TH
Columbia River Rats batting - Pitching for Alameda Airmen : LHP Jim Unknown
Pitching: RHP Jim Unknown
Batting: RHB Juan Jose Ayala 0-0: Foul Ball, location: 2F
0-1: Ground out 5-3 (Groundball, 5)
Batting: LHB Juan Montés 0-0: Fly out, F7 (Line Drive, 7M)
Batting: RHB Baldomero Avino 0-0: Ball
1-0: Fly out, F5 (Popup, 5SF)
Top of the 9th over - 0 run(s), 0 hit(s), 0 error(s), 0 left on base; Columbia 3 - Alameda 3
BOTTOM OF THE 9TH
Alameda Airmen batting - Pitching for Columbia River Rats : RHP Ipe Talboom
Pinch Hitting: LHB Jim Unknown 0-0: Fly out, F9 (Flyball, 9M)
Pinch Hitting: RHB Jim Unknown 0-0: Ball
1-0: SINGLE (Line Drive, 56)
Pinch Hitting: RHB Nelson Flores 0-0: Called Strike
0-1: Foul Ball, location: 2F
0-2: Ball
1-2: Ball
2-2: Ball
3-2: Strikes out swinging
Batting: RHB Dale Quick 0-0: Fly out, F3 (Popup, 3DF)
Bottom of the 9th over - 0 run(s), 1 hit(s), 0 error(s), 1 left on base; Columbia 3 - Alameda 3
TOP OF THE 10TH
Columbia River Rats batting - Pitching for Alameda Airmen : RHP Jim Unknown
Now at 1B: Jim Unknown
Now at 3B: Jim Unknown
Now at SS: Nelson Flores
Batting: LHB Víctor Robledo 0-0: Fly out, F4 (Line Drive, 4M)
Pinch Hitting: LHB Carlos Rodríguez 0-0: Called Strike
0-1: Called Strike
0-2: Ball
1-2: Ball
2-2: Foul Ball, location: 2F
2-2: Foul Ball, location: 2F
2-2: SINGLE (Groundball, 25) (infield hit)
Batting: LHB António Ramos 0-0: Ball
1-0: Ball
2-0: Ball
3-0: Called Strike
3-1: Called Strike
3-2: Foul Ball, location: 2F
3-2: Foul Ball, location: 2F
3-2: Base on Balls
Carlos Rodríguez to second
Batting: RHB Héctor Gallegos 0-0: Called Strike
0-1: Ball
1-1: Fielders Choice at 2nd, 3-6 (Groundball, 34)
Carlos Rodríguez to third
Pinch Hitting: RHB José Valéncia 0-0: Ball
1-0: Ball
2-0: Ball
3-0: Base on Balls
Héctor Gallegos to second
Batting: RHB Miguel Montoya 0-0: Foul Ball, location: 2F
0-1: Ball
1-1: Ball
2-1: DOUBLE (Popup, 9S)
Carlos Rodríguez scores
Héctor Gallegos scores
José Valéncia to third
Pitching: LHP Finn Wuilink
Batting: RHB Juan Jose Ayala 0-0: Swinging Strike
0-1: Ball
1-1: Ball
2-1: Foul Ball, location: 2F
2-2: Foul Ball, location: 2F
2-2: Foul Ball, location: 2F
2-2: Ball
3-2: Base on Balls
Batting: LHB Juan Montés 0-0: Called Strike
0-1: Swinging Strike
0-2: Ball
1-2: GRAND SLAM HOME RUN (Flyball, 9D), Distance : 358 ft
Batting: RHB Baldomero Avino 0-0: Called Strike
0-1: Ground out 5-3 (Groundball, 56)
Top of the 10th over - 6 run(s), 3 hit(s), 0 error(s), 0 left on base; Columbia 9 - Alameda 3
BOTTOM OF THE 10TH
Alameda Airmen batting - Pitching for Columbia River Rats : RHP Ipe Talboom
Now at 2B: Corey Vaughn
Now in LF: Carlos Rodríguez
Batting: RHB Mariano Sánchez 0-0: Foul Ball, location: 2F
0-1: Ball
1-1: Foul Ball, location: 2F
1-2: Foul Ball, location: 2F
1-2: Foul Ball, location: 2F
1-2: Strikes out looking
Batting: RHB Juan García 0-0: Called Strike
0-1: Ball
1-1: Called Strike
1-2: Ball
2-2: Strikes out swinging
Batting: LHB Chad Graves 0-0: Ball
1-0: Called Strike
1-1: Swinging Strike
1-2: Ball
2-2: Ball
3-2: Fly out, F8 (Flyball, 8LM)
Bottom of the 10th over - 0 run(s), 0 hit(s), 0 error(s), 0 left on base; Columbia 9 - Alameda 3
This league is powered by Out of the Park Baseball, the baseball management simulation game for PC, Mac and Linux
Friday, July 8th, 2016 - OOTP Baseball 16.9 Build 39